 Dungeon Crawl Stone Soup version 0.31.0-11-ge490571c62 (webtiles) character file.

Game seed: 5036583891457862056

1943 browni3141 the Cleaver (level 8, 0/69 (71) HPs)
             Began as a Minotaur Fighter on Jan 28, 2024.
             Was a Believer of Okawaru.
             Slain by a wight
             ... wielding a +3 long sword of freezing
              (9 damage)
             ... on level 6 of the Dungeon.
             The game lasted 00:02:45 (5896 turns).

browni3141 the Cleaver (Minotaur Fighter)           Turns: 5896, Time: 00:02:46

HP:   0/69 (71)     AC: 15    Str: 22    XL:     8   Next: 98%
MP:   7/8           EV:  6    Int:  5    God:    Okawaru [**....]
Gold: 313           SH:  6    Dex: 17    Spells: 7/7 levels left

rFire   . . .        a - +0 war axe
rCold   . . .        c - +0 buckler
rNeg    . . .        l - +0 plate armour
rPois   .            (helmet restricted)
rElec   .            D - +0 cloak
rCorr   .            (no gloves)
SInv    .            A - +0 pair of boots
Will    .....        (no amulet) Stlth
                     w - +6 ring of dexterity
HPRegen 0.31/turn    (no ring)
MPRegen 0.11/turn

%: no passive effects
@: lightly drained
A: horns 2, retaliatory headbutt
a: Renounce Religion, Heroism


You were on level 6 of the Dungeon.
You worshipped Okawaru.
Okawaru was pleased with you.
You visited 2 branches of the dungeon, and saw 8 of its levels.

You collected 313 gold pieces.

Inventory:

Hand Weapons
 a - a +0 war axe (weapon)
Missiles
 v - 4 boomerangs (quivered)
Armour
 b - a +0 scale mail
 c - a +0 buckler (worn)
 l - a +0 plate armour (worn)
 A - a +0 pair of boots (worn)
 D - a +0 cloak (worn)
Jewellery
 s - a ring of fire
 w - a +6 ring of dexterity (left hand)
Wands
 y - a wand of flame (19)
 z - a wand of paralysis (10)
Scrolls
 i - 2 scrolls of enchant weapon {unknown}
 k - a scroll of immolation {unknown}
 m - a scroll of fog {unknown}
 o - a scroll of butterflies {unknown}
 q - a scroll of torment {unknown}
 r - 2 scrolls of identify {unknown}
 t - 2 scrolls of blinking {unknown}
 x - a scroll of vulnerability {unknown}
Potions
 d - a potion of might
 e - 4 potions of curing {unknown}
 f - 2 potions of ambrosia {unknown}
 g - 2 potions of attraction {unknown}
 h - 3 potions of heal wounds {unknown}
 j - 2 potions of enlightenment {unknown}
 n - 3 potions of brilliance {unknown}
 p - a potion of resistance {unknown}
 u - a potion of mutation {unknown}
 B - a potion of degeneration {unknown}
 C - a potion of magic {unknown}
 E - a potion of invisibility {unknown}


   Skills:
 + Level 6.9 Fighting
 * Level 8.7 Axes
 + Level 7.0 Armour
 + Level 6.9 Shields
 + Level 2.4 Invocations
 + Level 2.0 Evocations


You had 7 spell levels left.
You didn't know any spells.
Your spell library contained the following spells:

 Spells                   Type           Power      Damage    Failure   Level
 Freeze                   Ice            0%         1d3       100%        1
 Cigotuvi's Dreadful Rot  Necr/Alch/Air  0%         N/A       100%        2
 Frozen Ramparts          Ice            0%         1d1       100%        3
 Hailstorm                Conj/Ice       0%         3d5       100%        3
 Ignite Poison            Fire/Alch      0%         N/A       100%        4
 Freezing Cloud           Conj/Ice/Air   0%         6-21      100%        5


Dungeon Overview and Level Annotations

Branches:
Dungeon (7/15)             Temple (1/1) D:5

Altars:
Ashenzari
Cheibriados
Dithmenos
Elyvilon
Gozag
Hepliaklqana
Kikubaaqudgha
Nemelex Xobeh
Okawaru
Qazlal
Ru
Sif Muna
Trog
Uskayaw
Vehumet
Wu Jian
Xom
Yredelemnul
Zin
The Shining One

Shops:
D:1 [[[[


Innate Abilities, Weirdness & Mutations

You have a pair of horns on your head.
You reflexively headbutt those who attack you in melee.


Message History

There is a stone staircase leading up here.
An orc priest is nearby!
An orc priest is nearby!
An orc priest is nearby!
A hornet and an orc come into view.
The hornet buzzes angrily.
The orc shouts!
You hear a shout!
The orc priest mumbles some strange prayers to Beogh against you.
Beogh smites you!
An orc wizard comes into view. It is wielding a +0 dagger.
Found a stone staircase leading down.
The orc wizard shouts!
The orc wizard casts a spell.
The orc wizard flickers and vanishes!
Deactivating autopickup; reactivate with Ctrl-A.
An ice beast comes into view.
You barely miss the hornet. You headbutt the hornet.
The hornet is lightly wounded.
The hornet stings you but does no damage.
You block the hornet's attack.
You gain the combat prowess of a mighty hero.
The hornet barely misses you.
Okay, then.
You hit the hornet. Your headbutt misses the hornet.
The hornet is lightly wounded.
You block the hornet's attack.
You slash the hornet!
The hornet is moderately wounded.
You block the hornet's attack.
An orc wizard comes into view. It is wielding a +0 dagger.
The hornet stings you.
You are poisoned.
You feel yourself slow down.
The orc wizard shouts!
You slash the hornet! Your headbutt misses the hornet.
The hornet is severely wounded.
You feel very sick.
A wight comes into view.
It is wielding a +3 long sword of freezing.
The hornet stings you!
You feel as though you will be slow longer.
You block the orc's attack.
You slash the hornet!
You kill the hornet!
Okawaru accepts your kill.
You slash the orc!
You kill the orc!
Okawaru accepts your kill.
You barely miss the orc priest.
You feel very sick. The orc priest closely misses you. You furiously retaliate!
You headbutt the orc priest.
A wight comes into view. It is wielding a +2 mace.
The orc priest miscasts a cantrip.
Your base Armour skill increases to level 7!
Your Evocations skill increases to level 2!
You slash the orc priest!
You kill the orc priest!
Okawaru accepts your kill.
You slash the ice beast!
You feel sick.
The ice beast hits you but does no damage.
You barely miss the ice beast.
The ice beast is moderately wounded.
You slash something!
You feel sick.
The ice beast hits you but does no damage.
You closely miss the ice beast.
You headbutt the ice beast, but do no damage.
The ice beast is moderately wounded.
You hit something.
You feel sick.
The ice beast hits you but does no damage.
An ice beast comes into view.
You hear some strange, mumbled words.
A magic dart appears from out of thin air!
The magic dart hits you.
The orc wizard points at you and mumbles some strange words.
The magic dart hits you.
The ice beast hits you but does no damage.
Something hits you.
You miss something. You completely miss the orc wizard. You hit the ice beast.
You feel yourself speed up.
You feel sick. You block the ice beast's attack.
The orc wizard barely misses you. You furiously retaliate!
You headbutt the orc wizard. Something hits you.
You feel sick. The wight attacks as it pursues you!
The wight closely misses you. Something hits you but does no damage.
You feel sick.
You are no longer poisoned.
The orc wizard points at you and mumbles some strange words.
The puff of flame hits something!
Reactivating autopickup.
You feel a bit more experienced. The wight closely misses you.
The wight attacks as it pursues you!
The wight hits you with a +3 long sword of freezing.
You feel drained. The wight freezes you.
There is a stone staircase leading up here.
You feel like a meek peon again.
The wight hits you with a +3 long sword of freezing.
You feel drained. The wight freezes you. You block the wight's attack.
You climb upwards.
There is a stone staircase leading down here.
The wight hits you with a +3 long sword of freezing!
You die...

......#.###.#...#...# #.####..
.....#.....##...#...# ###.##....
.....#......#†..#...####.........
.....#.....#.#.#.#.#.#....##..##.
###.#......#.#.#.#.#.#...####....
...###.....#.#.#.#.#.#...## ##..#
....#.###.#...#.z.#...#...## #..#
.....#...##...#z>.#...##.))###..#
#....#....#...#.@.#...#..#.......
##...#.....#.#.#.#.#.##..#.......
#.###.#....#.#.#.#.#.##....###..#
.#...###...#.#.#.#.#.###..## #..#
.#....#.###.#...#...## #.## ##..#
.#..>..#...##...#)..# #.####....
#.#....#....#...#...# #..##..##.
.###...#.....#.#.#.#####.........
..#.###.#....#.#.#.#.......<.....


You could see 2 wights.

Vanquished Creatures
  A hornet (D:7)
  Prince Ribbit (D:5)
  Sigmund (D:5)
  A black bear (D:6)
  An ice beast (D:5)
  An ogre (D:6)
  2 centaurs (D:6)
  Blork the orc (D:5)
  5 scorpions
  A howler monkey (D:6)
  A bombardier beetle (D:5)
  2 hounds (D:6)
  3 orc priests
  7 iguanas
  A gnoll (D:1)
  2 adders
  2 white imps
  An ufetubus (D:6)
  3 dart slugs
  21 orcs
  9 bats
  5 endoplasms
  4 giant cockroaches
  5 goblins
  7 hobgoblins
  2 jackals (D:2)
  A quokka (D:1)
  4 ball pythons
  3 frilled lizards (D:2)
  8 kobolds
  5 rats
111 creatures vanquished.

Vanquished Creatures (others)
  An orc wizard (D:7)
1 creature vanquished.

Grand Total: 112 creatures vanquished

Notes
Turn   | Place    | Note
-------+----------+-------------------------------------------
     0 | D:1      | browni3141 the Minotaur Fighter began the quest for the
                  | Orb.
     0 | D:1      | Reached XP level 1. HP: 19/19 MP: 0/0
   272 | D:1      | Found Pyeppo Will's Antique Armour Emporium.
   288 | D:1      | Reached skill level 3 in Axes
   288 | D:1      | Reached XP level 2. HP: 27/27 MP: 1/1
   492 | D:1      | Found a faded altar of an unknown god.
   564 | D:1      | Found Emoukir's Antique Armour Shoppe.
   589 | D:1      | Reached XP level 3. HP: 33/33 MP: 2/2
   591 | D:1      | Found Duwa's Antique Armour Emporium.
   668 | D:1      | Found Qyaroaf's Armour Shop.
  1279 | D:2      | Found a sacrificial altar of Ru.
  2382 | D:3      | Reached XP level 4. HP: 32/40 MP: 3/3
  2399 | D:3      | Reached skill level 4 in Axes
  2595 | D:3      | Reached XP level 5. HP: 47/47 MP: 4/4
  3022 | D:3      | Found a faded altar of an unknown god.
  3028 | D:3      | Found a basalt altar of Yredelemnul.
  3536 | D:4      | Reached skill level 5 in Axes
  3698 | D:4      | Found an ornate altar of the Wu Jian Council.
  3698 | D:4      | Found a shimmering blue altar of Sif Muna.
  3837 | D:5      | Entered Level 5 of the Dungeon
  3851 | D:5      | Reached XP level 6. HP: 31/55 MP: 5/5
  3952 | D:5      | Reached skill level 5 in Armour
  3952 | D:5      | Reached skill level 5 in Shields
  3979 | D:5      | Reached skill level 5 in Fighting
  3993 | D:5      | Found a staircase to the Ecumenical Temple.
  4004 | D:5      | Noticed Blork the orc
  4010 | Temple   | Entered the Ecumenical Temple
  4045 | Temple   | Became a worshipper of Warmaster Okawaru
  4254 | D:5      | Killed Blork the orc
  4255 | D:5      | Reached skill level 6 in Axes
  4255 | D:5      | Reached XP level 7. HP: 27/61 MP: 6/6
  4376 | D:5      | Noticed Sigmund
  4386 | D:5      | Killed Sigmund
  4405 | D:5      | Reached * piety under Okawaru
  4424 | D:5      | Found a hide-covered altar of Uskayaw.
  4424 | D:5      | Noticed Prince Ribbit
  4439 | D:5      | Killed Prince Ribbit
  4440 | D:5      | Reached skill level 7 in Axes
  4533 | D:5      | Reached XP level 8. HP: 54/70 MP: 7/7
  5029 | D:6      | Reached ** piety under Okawaru
  5036 | D:6      | Reached skill level 1 in Invocations
  5354 | D:6      | Reached skill level 1 in Evocations
  5464 | D:6      | Reached skill level 8 in Axes
  5878 | D:7      | Noticed a hornet
  5886 | D:7      | Killed a hornet
  5896 | D:6      | Slain by a wight

Illustrated notes

Levels and vault maps discovered:
D:1:      psy_arrival_radial01, layout_basic, hellmonk_ecumenical_altar_zigzags,
          serial_shops, shop, shop, nicolae_shop_stone, shop,
          hangedman_decor_peaks_small
D:2:      layout_basic, basic_altar, lightli_corner_chamber
D:3:      layout_loops_corners, nicolae_overflow_ecumenical_swirl
D:4:      layout_cave_pods, nicolae_overflow_two_pavilions
D:5:      layout_gridville, nicolae_uskayaw_suspiria, temple_fountains,
          uniq_blork_the_orc, uniq_prince_ribbit1, uniq_sigmund
D:6:      nicolae_BIG_FREAKIN_CUBE, layout_loops_ring, palyth_stone_intersect,
          st_stairs_1, serial_bayou_pond_b
D:7:      layout_cave_pools
Temple:   nicolae_temple_elliptical

Skill      XL: |  1  2  3  4  5  6  7  8 |
---------------+-------------------------+-----
Axes           | 3 4 5 6 7 8 |  8.7
Armour         | 4 5 6 7 |  7.0
Shields        | 4 5 6 |  6.9
Fighting       | 4 5 6 |  6.9
Invocations    | 2 |  2.4
Evocations     | 2 |  2.0

Action                     |  1- 3 |  4- 6 |  7- 9 || total
---------------------------+-------+-------+-------++-------
  Melee: War axe           |    87 |   111 |    96 ||   294
         Headbutt          |    15 |     8 |    15 ||    38
  Throw: Boomerang         |       |       |     5 ||     5
 Invoke: Heroism           |       |       |     1 ||     1
 Armour: Scale mail        |    18 |       |       ||    18
         Plate armour      |    43 |    89 |    92 ||   224
  Dodge: Dodged            |    32 |    33 |    42 ||   107
  Block: Buckler           |    28 |    30 |    35 ||    93
